 Dungeon Crawl Stone Soup version 0.29-a0-330-g52719c12eb (webtiles) character file.

Game seed: 3882138451931570105

135 kae the Firebug (level 4, 0/34 HPs)
             Began as a Demigod Fire Elementalist on May 29, 2022.
             Slain by an orc
             ... wielding a +0 club
              (1 damage)
             ... on level 2 of the Dungeon.
             The game lasted 00:02:10 (3255 turns).

kae the Firebug (Demigod Fire Elementalist)         Turns: 3255, Time: 00:02:12

Health: 0/34       AC:  2    Str:  9    XL:     4   Next: 65%
Magic:  0/10       EV: 10    Int: 21    God:
Gold:   631        SH:  7    Dex: 14    Spells: 1/7 levels left

rFire   . . .      SeeInvis .   c - +1 dagger (freeze)
rCold   . . .      Faith    .   h - +0 kite shield
rNeg    . . .      Spirit   .   a - +0 robe
rPois   .          Reflect  .   (no helmet)
rElec   .          Harm     .   (no cloak)
rCorr   .          Rampage  .   (no gloves)
Will    .....                   (no boots)
Stlth   ++........              (no amulet)
HPRegen 0.11/turn               (no ring)
MPRegen 0.12/turn               (no ring)

@: very slightly contaminated
A: high MP 1, forlorn, divine attributes
a: no special abilities


You were on level 2 of the Dungeon.
You visited 1 branch of the dungeon, and saw 3 of its levels.

You collected 631 gold pieces.

Inventory:

Hand Weapons
 c - a +1 dagger of freezing (weapon)
Armour
 a - a +0 robe (worn)
 h - a +0 kite shield (worn)
Magical Staves
 o - a staff of air
Jewellery
 d - a ring of willpower
 k - an amulet of reflection
 l - a ring of flight
Scrolls
 f - 2 scrolls of identify
 g - a scroll of teleportation
Potions
 b - a potion of magic
 e - 2 potions of curing
 i - a potion of brilliance


   Skills:
 + Level 0.4 Fighting
 - Level 1.7 Dodging
 - Level 1.7 Stealth
 + Level 0.3 Shields
 + Level 2.4 Spellcasting
 * Level 2.7 Conjurations
 * Level 3.8 Fire Magic


You had one spell level left.
You knew the following spells:

 Your Spells              Type           Power      Damage    Failure   Level
a - Foxfire               Conj/Fire      64%        2x1d7     13%         1
b - Scorch                Fire           36%        2d6       16%         2
c - Conjure Flame         Conj/Fire      16%        6-21      36%         3

Your spell library contained the following spells:

 Spells                   Type           Power      Damage    Failure   Level
 Apportation              Tloc           4%         N/A       45%         1
 Inner Flame              Hex/Fire       10%        N/A       56%         3
 Flame Wave               Conj/Fire      16%        2d6       78%         4
 Alistair's Intoxication  Tmut/Pois      1%         N/A       100%        5


Dungeon Overview and Level Annotations

Branches:
Dungeon (3/15)

Shops:
D:1 [   D:2 =

Annotations:
D:2 exclusion: scorpion


Innate Abilities, Weirdness & Mutations

You have an increased reservoir of magic. (+10% MP)
You shall have no god before yourself.
Your divine heritage dramatically boosts your attributes as you level up.


Message History

The orc priest closely misses you.
The orc priest calls down the wrath of Beogh upon you.
Pain shoots through your body! The orc hits you with a +0 club.
You climb upwards.
Level annotation: exclusion: scorpion
There is a stone staircase leading down here.
Casting: Foxfire (safe; 14% risk of failure)
Confirm with . or Enter, or press ? or * to list all spells.
Flames lash the orc priest.
The orc priest is severely wounded.
The orc priest's fire resistance burns away.
The orc priest hits you with a +0 flail.
The orc hits you with a +0 club.
* * * LOW HITPOINT WARNING * * *
You block the orc priest's attack. You block the orc's attack.
Casting: Scorch (safe; 17% risk of failure)
Confirm with . or Enter, or press ? or * to list all spells.
Flames lash the orc.
The orc is severely wounded.
The orc's fire resistance burns away.
The orc barely misses you. You block the orc priest's attack.
The orc priest is no longer more vulnerable to fire.
The orc priest mumbles some strange prayers to Beogh against you.
Beogh smites you!
* * * LOW HITPOINT WARNING * * *
You block the orc's attack.
Casting: Scorch (safe; 17% risk of failure)
Confirm with . or Enter, or press ? or * to list all spells.
Flames lash the orc priest.
You kill the orc priest!
The orc barely misses you.
The orc is no longer more vulnerable to fire.
The orc completely misses you.
Okay, then.
Casting: Scorch (safe; 16% risk of failure)
Confirm with . or Enter, or press ? or * to list all spells.
You miscast Scorch.
You are very lightly contaminated with residual magic.
Nothing appears to happen.
The orc hits you with a +0 club.
You die...

##.## #.# #...#####
#.#### ........#
#....# #...#...#
#####.## ##.##.####
##.##...#
.........###...#...###
.#######.##........(.#
.# #.#.......o...# .#
#.##.....@∩...# .#
#.......#....## .#
#.####.##....# .# #.#
#####.#.# .#######.#
#.#.# .........# #.#.#
###.#.#### #.#.#
...###.# #.#.#
###.#.###########.#.#


You could see an orc.

Vanquished Creatures
  An orc priest (D:2)
  5 adders (D:2)
  A worm (D:2)
  3 dart slugs
  2 orcs (D:3)
  4 endoplasms
  5 giant cockroaches
  4 goblins
  2 hobgoblins
  3 quokkas
  5 ball pythons
  6 bats
  3 frilled lizards
  5 kobolds
  3 rats (D:2)
52 creatures vanquished.

Vanquished Creatures (others)
  172 foxfires
172 creatures vanquished.

Grand Total: 224 creatures vanquished

Notes
Turn   | Place    | Note
-------+----------+-------------------------------------------
     0 | D:1      | kae the Demigod Fire Elementalist began the quest for the
                  | Orb.
     0 | D:1      | Reached XP level 1. HP: 14/14 MP: 5/5
    14 | D:1      | Reached skill level 1 in Conjurations
   348 | D:1      | Reached XP level 2. HP: 20/20 MP: 5/7
   383 | D:1      | Found Igey's Armour Boutique.
   394 | D:1      | Reached skill level 3 in Fire Magic
  1688 | D:2      | HP: 1/20 [dart slug/slug dart (3)]
  1689 | D:2      | Reached XP level 3. HP: 2/26 MP: 3/8
  2374 | D:2      | Learned a level 2 spell: Scorch
  2378 | D:2      | Learned a level 3 spell: Conjure Flame
  2430 | D:2      | Noticed a scorpion
  2515 | D:2      | Found Rankeqad's Jewellery Boutique.
  2565 | D:2      | Identified a scroll of acquirement
  2565 | D:2      | Acquired 546 gold pieces
  2627 | D:2      | Reached XP level 4. HP: 33/33 MP: 6/10
  3252 | D:2      | HP: 1/33 [orc priest/divine providence (8)]
  3255 | D:2      | Slain by an orc

Illustrated notes

Levels and vault maps discovered:
D:1:      minmay_arrival_diagonal_passages, layout_rooms,
          shapermc_ecumenical_altar_notcrosses, serial_shops,
          nicolae_shop_hallway_plus, grunt_decor_junction,
          corexii_hall_statues_l
D:2:      layout_loops_ring, serial_shops, shop
D:3:      layout_basic, nicolae_overflow_hidden_temple, kennysheep_doodads

Skill      XL: |  1  2  3 |
---------------+----------+-----
Conjurations   | 1 2 |  2.7
Fire Magic     | 3 |  3.8
Spellcasting   | 2 |  2.4
Fighting       | |  0.4
Dodging        | |  1.7
Stealth        | |  1.7
Shields        | |  0.3

Action                   |  1- 3 |  4- 6 || total
-------------------------+-------+-------++-------
Melee: Dagger            |    14 |       ||    14
 Cast: Foxfire           |    81 |    21 ||   102
       Scorch            |     2 |     3 ||     5
  Use: Scroll            |     8 |     1 ||     9
Armor: Robe              |     6 |       ||     6
Dodge: Dodged            |    30 |     8 ||    38
Block: Kite shield       |       |     5 ||     5

Table legend: (Time is in decaauts)
 A = Elapsed time spent in this place.
 B = Non-inter-level travel time spent in this place.
 C = Inter-level travel time spent in this place.
 D = Time resting spent in this place.
 E = Time spent auto-exploring this place.
 F = Levels seen in this place.
 G = Mean time per level.
                   A        B        C        D        E       F      G
               +--------+--------+--------+--------+--------+-----+--------+
         Total |   3255 |   3192 |     63 |    237 |   2537 |   3 | 1085.0 |
       Dungeon |   3255 |   3192 |     63 |    237 |   2537 |   3 | 1085.0 |
               +--------+--------+--------+--------+--------+-----+--------+

Top non-repeatable levels by time:
     D:1: 1804 daAuts
     D:2: 1436 daAuts
     D:3: 14 daAuts
